 Dungeon Crawl Stone Soup version 0.22.0-27-ga576289 (webtiles) character file.

6 kuniqs the Caller (level 1, 0/7 HPs)
             Began as a Felid Summoner on Aug 21, 2018.
             Slain by a bat (1 damage)
             ... on level 1 of the Dungeon.
             The game lasted 00:01:15 (454 turns).

kuniqs the Caller (Felid Summoner)                   Turns: 454, Time: 00:01:15

Health: 0/7        AC:  1    Str:  4    XL:     1   Next: 75%
Magic:  1/4        EV: 18    Int: 16    God:
Gold:   25         SH:  0    Dex: 16    Spells: 3/4 levels left
                                        Lives:  0   Deaths: 0

rFire    . . .     SeeInvis +   (weapon unavailable)
rCold    . . .     Gourm    .   (shield unavailable)
rNeg     . . .     Faith    .   (armour unavailable)
rPois    .         Spirit   .   (helmet unavailable)
rElec    .         Reflect  .   (cloak unavailable)
rCorr    .         Harm     .   (gloves unavailable)
MR       +....                  (boots unavailable)
Stlth    +++.......             (no amulet)
HPRegen  0.02/turn              a - ring of protection from magic
MPRegen  0.09/turn              (no ring)

@: very slightly contaminated, quick
A: very small, no armour, no weapons or thrown items, stealth, claws 1, fangs 3,
see invisible, carnivore, speed 1, shaggy fur 1, slow metabolism 1, sharp paws
a: no special abilities


You were on level 1 of the Dungeon.
You were full.

You visited 1 branch of the dungeon, and saw 1 of its levels.

You collected 25 gold pieces.

Inventory:

Jewellery
 a - a ring of protection from magic (left paw)
Comestibles
 b - a ration


   Skills:
 - Level 2.6 Dodging
 - Level 2.6 Stealth
 + Level 2.1 Spellcasting
 * Level 4.2 Summonings


You had 3 spell levels left.
You knew the following spells:

 Your Spells              Type           Power        Failure   Level  Hunger
a - Summon Small Mammal   Summ           ###.         3%          1    #......

Your spell library contained the following spells:

 Spells                   Type           Power        Failure   Level  Hunger
 Call Imp                 Summ           ###.....     5%          2    ###....
 Call Canine Familiar     Summ           ###.....     11%         3    ###....
 Summon Guardian Golem    Hex/Summ       #.......     26%         3    ###....
 Summon Ice Beast         Ice/Summ       #.......     65%         4    #####..
 Summon Lightning Spire   Summ/Air       #.......     65%         4    #####..


Dungeon Overview and Level Annotations

Branches:
Dungeon (1/15)

Altars:


Innate Abilities, Weirdness & Mutations

You cannot wear armour.
You are incapable of wielding weapons or throwing items.
Your paws allow you to move quietly. (Stealth)
You have sharp claws.
You have razor-sharp teeth.
You have supernaturally acute eyesight. (SInv)
You are carnivorous and can eat meat at any time.
You cover ground quickly.
You are covered in fur. (AC +1)
You have a slow metabolism.
Your sharp claws are effective at attacking unaware monsters.


Message History

Ye be very lightly contaminated wit' residual magic.
Yer head hurts.
Ye swap places.
A bat comes inta view.
Found a dagger.
Ye miscast Summon Small Mammal.
A fistful o' eyes flickers past yer view.
Yer rat bites tha kobold.
Tha kobold closely misses yer rat.
Yer rat barely misses tha kobold.
Tha kobold barely misses yer rat.
A rat comes inta view.
Tha bat hits ye but does nay damage.
Yer rat bites tha kobold.
Tha kobold dies!
Tha kobold closely misses yer rat.
Tha bat completely misses ye. x2
Tha bat completely misses ye.
Tha bat barely misses ye.
Tha bat closely misses ye.
Tha bat hits ye.
* * * LOW HITPOINT WARNIN'
* * * Tha bat hits ye.
Ye die...

###..≈≈≈≈.≈≈≈≈≈...
.....≈≈≈≈.≈≈≈≈≈...
#..≈≈≈≈.r≈≈≈≈..#
#..≈≈≈≈.......#
#..g.K...≈≈≈≈.#
##.≈≈≈r≈.≈≈≈≈.## .
#.≈≈≈≈≈.≈≈≈≈... .
#†≈≈≈≈≈b≈≈≈≈.##
#.≈≈≈≈≈@≈≈≈≈.#
#.............. .
..#####..##.###%#.##
.
.......#.###...##.#
. ..#####.## ##### .
#.# . #.### . #...#
###.##


You could see a goblin, a bat, a kobold, a rat and a friendly rat.

Vanquished Creatures
  A jackal (D:1)
  A frilled lizard (D:1)
2 creatures vanquished.

Vanquished Creatures (collateral kills)
  A leopard gecko (D:1)
  2 jackals (D:1)
  2 kobolds (D:1)
5 creatures vanquished.

Grand Total: 7 creatures vanquished

Notes
Turn   | Place    | Note
-------+----------+-------------------------------------------
     0 | D:1      | kuniqs the Felid Summoner began the quest for the Orb.
     0 | D:1      | Reached XP level 1. HP: 7/7 MP: 4/4
   454 | D:1      | Slain by a bat

Action                   || total
-------------------------++-------
Melee: Unarmed           ||    13
 Cast: Summon Small Mamm ||     8
 Stab: Sleeping          ||     1
  Eat: Chunk             ||     3
Armor: Skin              ||     2
Dodge: Dodged            ||    13
